[ AOE2 MATCH · #506717090 ]
UnrankedHindustanis vs Wu
Rival team · LOSS
[ REPLAY ANALYSIS · EXTRACTED FROM THE RECORDED GAME ]
Feudal
12:09
Castle
22:33
Imperial
38:39
| APM avg | 52.2 |
| APM peak | 91 |
| eAPM avg | 25.9 |
| Villagers / military | 151 / 68 |
Focus
⚔️ 29.8% · 🌾 70.2%
Skirmisher ×21 · Archer ×15 · Petard ×11 · Cavalry Archer ×8 · Camel Scout ×5 · Militia ×4
Feudal
13:24
Castle
18:37
Imperial
—
| APM avg | 31.6 |
| APM peak | 64 |
| eAPM avg | 20.9 |
| Villagers / military | 112 / 12 |
Focus
⚔️ 36.0% · 🌾 64.0%
Unknown (1968) ×21 · Petard ×11 · Unknown (1974) ×7 · Skirmisher ×1
Match map
Initial resources + every placement click. Lines = walls · curves = elevation contours. ◆ gold · ⬟ stone · ● berries · ✦ relic · ◌ wall gap
Your base· Open — unwalled flank
DSLG | Genghis Khan!!!'s base· Open — 6t gap
Smoothed initial terrain · ◌ = detected wall gap · hover for details
Inputs per minute
— [CL]LaCumbiaSuave - - DSLG | Genghis Khan!!!
Build order — [CL]LaCumbiaSuave
First 150 of 383 actions detected
| 0:02 | Create | Villager (Male) |
| 0:02 | Create | Villager (Male) |
| 0:02 | Create | Villager (Male) |
| 0:02 | Create | Villager (Male) |
| 0:02 | Create | Villager (Male) |
| 0:04 | Build | House |
| 0:05 | Build | House |
| 1:13 | Create | Villager (Male) |
| 1:13 | Create | Villager (Male) |
| 1:33 | Create | Villager (Male) |
| 1:34 | Create | Villager (Male) |
| 1:35 | Build | Lumber Camp |
| 2:22 | Create | Villager (Male) |
| 2:38 | Create | Villager (Male) |
| 3:11 | Create | Villager (Male) |
| 3:32 | Create | Villager (Male) |
| 3:44 | Create | Villager (Male) |
| 3:44 | Create | Villager (Male) |
| 3:59 | Build | House |
| 4:04 | Create | Villager (Male) |
| 4:20 | Build | Barracks |
| 4:37 | Create | Villager (Male) |
| 4:40 | Build | House |
| 4:47 | Build | House |
| 5:06 | Create | Villager (Male) |
| 5:06 | Create | Villager (Male) |
| 5:07 | Create | Villager (Male) |
| 5:23 | Build | Palisade Wall |
| 5:44 | Create | Villager (Male) |
| 6:00 | Build | Mill |
| 6:03 | Create | Villager (Male) |
| 6:15 | Create | Militia |
| 6:18 | Create | Villager (Male) |
| 6:20 | Create | Militia |
| 6:26 | Create | Villager (Male) |
| 6:52 | Create | Militia |
| 7:03 | Build | House |
| 7:14 | Create | Villager (Male) |
| 7:22 | Build | Palisade Wall |
| 7:23 | Build | House |
| 7:27 | Create | Villager (Male) |
| 7:41 | Build | Farm |
| 7:45 | Create | Villager (Male) |
| 7:52 | Build | Palisade Wall |
| 7:54 | Build | Palisade Wall |
| 8:06 | Create | Villager (Male) |
| 8:12 | Build | Farm |
| 8:16 | Research | Loom |
| 8:33 | Build | House |
| 8:41 | Build | Palisade Gate |
| 8:57 | Create | Villager (Male) |
| 9:00 | Create | Villager (Male) |
| 9:24 | Create | Villager (Male) |
| 9:27 | Build | Farm |
| 9:59 | Research | Feudal Age |
| 10:15 | Build | Lumber Camp |
| 11:17 | Build | Mining Camp |
| 11:22 | Create | Villager (Male) |
| 11:35 | Create | Militia |
| 12:09 | Age | Feudal Age |
| 12:12 | Research | Man-at-Arms (upgrade) |
| 12:14 | Create | Villager (Male) |
| 12:18 | Build | Archery Range |
| 12:21 | Build | Watch Tower |
| 12:36 | Create | Villager (Male) |
| 12:39 | Build | Mining Camp |
| 12:44 | Build | House |
| 12:46 | Build | Palisade Wall |
| 12:54 | Research | Double-Bit Axe |
| 12:58 | Create | Villager (Male) |
| 13:00 | Create | Villager (Male) |
| 13:18 | Create | Archer |
| 13:19 | Create | Archer |
| 13:35 | Create | Villager (Male) |
| 13:47 | Build | Palisade Wall |
| 13:48 | Build | Palisade Wall |
| 13:48 | Build | Palisade Wall |
| 13:49 | Build | Palisade Wall |
| 13:50 | Build | Palisade Wall |
| 13:51 | Build | Palisade Wall |
| 13:52 | Build | Palisade Wall |
| 13:52 | Build | Palisade Wall |
| 13:56 | Create | Archer |
| 13:56 | Create | Archer |
| 14:00 | Create | Villager (Male) |
| 14:00 | Create | Villager (Male) |
| 14:16 | Create | Villager (Male) |
| 14:23 | Create | Archer |
| 14:30 | Create | Villager (Male) |
| 14:46 | Build | Farm |
| 14:47 | Create | Archer |
| 14:52 | Build | House |
| 14:54 | Build | House |
| 15:06 | Create | Villager (Male) |
| 15:22 | Create | Archer |
| 15:24 | Build | House |
| 15:26 | Build | House |
| 15:34 | Create | Archer |
| 15:53 | Create | Villager (Male) |
| 15:55 | Build | Farm |
| 15:57 | Build | Farm |
| 15:59 | Build | House |
| 16:07 | Build | House |
| 16:08 | Create | Villager (Male) |
| 16:10 | Build | House |
| 16:14 | Build | House |
| 16:15 | Create | Villager (Male) |
| 16:16 | Build | Farm |
| 16:17 | Build | Farm |
| 16:17 | Build | Farm |
| 16:17 | Build | Farm |
| 16:39 | Build | Watch Tower |
| 16:44 | Create | Archer |
| 16:50 | Create | Villager (Male) |
| 16:52 | Build | Farm |
| 17:04 | Create | Villager (Male) |
| 17:20 | Create | Villager (Male) |
| 17:42 | Build | Farm |
| 17:42 | Build | Farm |
| 17:42 | Build | Farm |
| 17:42 | Build | Farm |
| 17:53 | Build | Farm |
| 18:26 | Create | Villager (Male) |
| 18:32 | Build | Stone Wall |
| 18:35 | Build | Stone Wall |
| 18:36 | Build | Stone Wall |
| 18:42 | Build | Stone Wall |
| 18:47 | Create | Villager (Male) |
| 18:53 | Build | Watch Tower |
| 19:00 | Build | Blacksmith |
| 19:05 | Build | Farm |
| 19:05 | Build | Farm |
| 19:05 | Build | Farm |
| 19:08 | Create | Villager (Male) |
| 19:24 | Build | Palisade Wall |
| 19:25 | Build | Palisade Wall |
| 19:26 | Build | Palisade Wall |
| 19:26 | Build | Palisade Wall |
| 19:27 | Build | Palisade Wall |
| 19:27 | Build | Palisade Wall |
| 19:28 | Build | Palisade Wall |
| 19:53 | Research | Castle Age |
| 19:53 | Research | Castle Age |
| 19:58 | Build | Stable |
| 20:11 | Build | Stone Wall |
| 20:12 | Build | Stone Wall |
| 20:12 | Build | Stone Wall |
| 20:34 | Build | Stone Wall |
| 20:42 | Build | Watch Tower |
| 20:45 | Create | Archer |
Build order — DSLG | Genghis Khan!!!
First 150 of 259 actions detected
| 0:00 | Create | Villager (Male) |
| 0:00 | Create | Villager (Male) |
| 0:01 | Create | Villager (Male) |
| 0:01 | Create | Villager (Male) |
| 0:02 | Build | House |
| 0:04 | Build | House |
| 1:29 | Create | Villager (Male) |
| 1:30 | Create | Villager (Male) |
| 1:59 | Build | Lumber Camp |
| 2:02 | Create | Villager (Male) |
| 2:12 | Create | Villager (Male) |
| 2:12 | Create | Villager (Male) |
| 2:41 | Create | Villager (Male) |
| 2:41 | Create | Villager (Male) |
| 2:59 | Build | House |
| 3:03 | Create | Villager (Male) |
| 3:03 | Create | Villager (Male) |
| 3:34 | Create | Villager (Male) |
| 3:35 | Create | Villager (Male) |
| 3:45 | Create | Villager (Male) |
| 3:45 | Create | Villager (Male) |
| 5:10 | Build | House |
| 5:30 | Create | Villager (Male) |
| 5:31 | Create | Villager (Male) |
| 5:31 | Create | Villager (Male) |
| 5:31 | Create | Villager (Male) |
| 5:33 | Create | Villager (Male) |
| 5:37 | Create | Villager (Male) |
| 5:47 | Build | House |
| 6:01 | Create | Villager (Male) |
| 6:02 | Build | Mining Camp |
| 6:17 | Build | House |
| 6:31 | Build | Barracks |
| 6:33 | Create | Villager (Male) |
| 6:38 | Create | Villager (Male) |
| 6:54 | Build | House |
| 6:56 | Build | Palisade Wall |
| 7:01 | Create | Villager (Male) |
| 7:08 | Research | Loom |
| 7:20 | Build | Palisade Wall |
| 7:21 | Build | Palisade Wall |
| 7:26 | Build | Palisade Wall |
| 7:38 | Create | Villager (Male) |
| 8:00 | Build | House |
| 8:08 | Create | Villager (Male) |
| 8:19 | Create | Villager (Male) |
| 8:34 | Build | Palisade Wall |
| 8:43 | Create | Villager (Male) |
| 8:50 | Build | Mill |
| 8:56 | Create | Villager (Male) |
| 9:17 | Build | Palisade Wall |
| 9:20 | Create | Villager (Male) |
| 9:22 | Build | Palisade Wall |
| 9:23 | Create | Villager (Male) |
| 9:32 | Build | Farm |
| 9:34 | Build | Farm |
| 9:39 | Build | Farm |
| 9:40 | Create | Villager (Male) |
| 9:49 | Build | Palisade Wall |
| 9:55 | Build | Farm |
| 10:03 | Build | Farm |
| 10:03 | Create | Villager (Male) |
| 10:08 | Build | Palisade Wall |
| 10:09 | Build | House |
| 10:27 | Build | Farm |
| 10:39 | Build | Palisade Wall |
| 10:43 | Create | Villager (Male) |
| 10:45 | Build | Farm |
| 10:46 | Create | Villager (Male) |
| 10:50 | Build | House |
| 11:14 | Research | Feudal Age |
| 11:32 | Build | Palisade Wall |
| 11:34 | Build | Palisade Wall |
| 11:37 | Build | Palisade Wall |
| 12:55 | Create | Villager (Male) |
| 13:19 | Create | Villager (Male) |
| 13:24 | Age | Feudal Age |
| 13:29 | Build | Archery Range |
| 13:30 | Create | Villager (Male) |
| 13:35 | Build | Blacksmith |
| 13:36 | Build | House |
| 13:39 | Research | Double-Bit Axe |
| 13:42 | Create | Villager (Male) |
| 13:47 | Build | Farm |
| 13:47 | Create | Villager (Male) |
| 13:53 | Build | House |
| 13:54 | Build | House |
| 14:01 | Build | Palisade Wall |
| 14:01 | Build | Palisade Wall |
| 14:02 | Build | Palisade Wall |
| 14:06 | Build | Palisade Wall |
| 14:07 | Build | Palisade Wall |
| 14:07 | Build | Palisade Wall |
| 14:13 | Build | Farm |
| 14:28 | Build | Palisade Wall |
| 14:39 | Build | Farm |
| 14:43 | Build | Palisade Wall |
| 15:05 | Create | Skirmisher |
| 15:15 | Build | Palisade Wall |
| 15:15 | Build | Palisade Wall |
| 15:28 | Build | Farm |
| 15:28 | Create | Villager (Male) |
| 15:37 | Create | Villager (Male) |
| 15:45 | Build | Mining Camp |
| 15:57 | Research | Castle Age |
| 15:57 | Research | Castle Age |
| 16:05 | Build | Stone Wall |
| 16:21 | Build | Stone Wall |
| 16:24 | Research | Fletching |
| 16:36 | Create | Villager (Male) |
| 16:52 | Build | Stone Wall |
| 16:54 | Build | Stone Wall |
| 17:10 | Build | Stone Wall |
| 17:14 | Build | Stone Wall |
| 17:39 | Build | Stone Wall |
| 18:37 | Age | Castle Age |
| 18:44 | Build | Stone Wall |
| 18:50 | Create | Villager (Male) |
| 19:14 | Create | Villager (Male) |
| 19:26 | Build | Castle |
| 19:35 | Create | Villager (Male) |
| 19:44 | Create | Villager (Male) |
| 20:07 | Create | Villager (Male) |
| 20:22 | Build | Mining Camp |
| 20:38 | Build | Market |
| 20:44 | Research | Town Watch |
| 21:00 | Create | Villager (Male) |
| 21:31 | Create | Unit 1968 |
| 21:32 | Create | Unit 1968 |
| 21:32 | Create | Unit 1968 |
| 21:44 | Build | Lumber Camp |
| 21:59 | Create | Villager (Male) |
| 22:10 | Create | Unit 1968 |
| 22:11 | Create | Unit 1968 |
| 22:11 | Create | Unit 1968 |
| 22:11 | Create | Villager (Male) |
| 22:16 | Build | House |
| 22:26 | Create | Villager (Male) |
| 22:27 | Create | Villager (Male) |
| 22:27 | Create | Villager (Male) |
| 22:41 | Build | Farm |
| 22:51 | Build | Farm |
| 22:52 | Build | Farm |
| 22:52 | Create | Villager (Male) |
| 23:13 | Build | House |
| 23:26 | Build | Farm |
| 23:40 | Create | Unit 1974 |
| 23:41 | Create | Unit 1974 |
| 23:41 | Create | Unit 1974 |
| 23:50 | Build | Farm |
Match timeline
| 4:20 | [CL]LaCumbiaSuave · first_building Barracks |
| 5:23 | [CL]LaCumbiaSuave · wall_segment Palisade Wall x1 |
| 6:31 | DSLG | Genghis Khan!!! · first_building Barracks |
| 6:56 | DSLG | Genghis Khan!!! · wall_segment Palisade Wall x8 |
| 7:20 | DSLG | Genghis Khan!!! · wall_segment Palisade Wall x1 |
| 7:21 | DSLG | Genghis Khan!!! · wall_segment Palisade Wall x1 |
| 7:22 | [CL]LaCumbiaSuave · wall_segment Palisade Wall x1 |
| 7:26 | DSLG | Genghis Khan!!! · wall_segment Palisade Wall x1 |
| 7:52 | [CL]LaCumbiaSuave · wall_segment Palisade Wall x5 |
| 7:54 | [CL]LaCumbiaSuave · wall_segment Palisade Wall x6 |
| 8:34 | DSLG | Genghis Khan!!! · wall_segment Palisade Wall x5 |
| 9:17 | DSLG | Genghis Khan!!! · wall_segment Palisade Wall x6 |
| 9:22 | DSLG | Genghis Khan!!! · wall_segment Palisade Wall x6 |
| 9:49 | DSLG | Genghis Khan!!! · wall_segment Palisade Wall x5 |
| 10:08 | DSLG | Genghis Khan!!! · wall_segment Palisade Wall x1 |
| 10:39 | DSLG | Genghis Khan!!! · wall_segment Palisade Wall x1 |
| 11:32 | DSLG | Genghis Khan!!! · wall_segment Palisade Wall x1 |
| 11:34 | DSLG | Genghis Khan!!! · wall_segment Palisade Wall x1 |
| 11:37 | DSLG | Genghis Khan!!! · wall_segment Palisade Wall x6 |
| 12:09 | [CL]LaCumbiaSuave · age_up feudal |
| 12:18 | [CL]LaCumbiaSuave · first_building Archery Range |
| 12:46 | [CL]LaCumbiaSuave · wall_segment Palisade Wall x11 |
| 13:24 | DSLG | Genghis Khan!!! · age_up feudal |
| 13:29 | DSLG | Genghis Khan!!! · first_building Archery Range |
| 13:47 | [CL]LaCumbiaSuave · wall_segment Palisade Wall x1 |
| 13:48 | [CL]LaCumbiaSuave · wall_segment Palisade Wall x1 |
| 13:48 | [CL]LaCumbiaSuave · wall_segment Palisade Wall x1 |
| 13:49 | [CL]LaCumbiaSuave · wall_segment Palisade Wall x1 |
| 13:50 | [CL]LaCumbiaSuave · wall_segment Palisade Wall x1 |
| 13:51 | [CL]LaCumbiaSuave · wall_segment Palisade Wall x1 |
| 13:52 | [CL]LaCumbiaSuave · wall_segment Palisade Wall x1 |
| 13:52 | [CL]LaCumbiaSuave · wall_segment Palisade Wall x1 |
| 14:01 | DSLG | Genghis Khan!!! · wall_segment Palisade Wall x1 |
| 14:01 | DSLG | Genghis Khan!!! · wall_segment Palisade Wall x1 |
| 14:02 | DSLG | Genghis Khan!!! · wall_segment Palisade Wall x1 |
| 14:06 | DSLG | Genghis Khan!!! · wall_segment Palisade Wall x1 |
| 14:07 | DSLG | Genghis Khan!!! · wall_segment Palisade Wall x1 |
| 14:07 | DSLG | Genghis Khan!!! · wall_segment Palisade Wall x1 |
| 14:28 | DSLG | Genghis Khan!!! · wall_segment Palisade Wall x6 |
| 14:43 | DSLG | Genghis Khan!!! · wall_segment Palisade Wall x6 |
| 15:15 | DSLG | Genghis Khan!!! · wall_segment Palisade Wall x1 |
| 15:15 | DSLG | Genghis Khan!!! · wall_segment Palisade Wall x1 |
| 16:05 | DSLG | Genghis Khan!!! · wall_segment Stone Wall x4 |
| 16:21 | DSLG | Genghis Khan!!! · wall_segment Stone Wall x1 |
| 16:52 | DSLG | Genghis Khan!!! · wall_segment Stone Wall x1 |
| 16:54 | DSLG | Genghis Khan!!! · wall_segment Stone Wall x1 |
| 17:10 | DSLG | Genghis Khan!!! · wall_segment Stone Wall x1 |
| 17:14 | DSLG | Genghis Khan!!! · wall_segment Stone Wall x1 |
| 17:39 | DSLG | Genghis Khan!!! · wall_segment Stone Wall x6 |
| 18:32 | [CL]LaCumbiaSuave · wall_segment Stone Wall x1 |
| 18:35 | [CL]LaCumbiaSuave · wall_segment Stone Wall x1 |
| 18:36 | [CL]LaCumbiaSuave · wall_segment Stone Wall x1 |
| 18:37 | DSLG | Genghis Khan!!! · age_up castle |
| 18:42 | [CL]LaCumbiaSuave · wall_segment Stone Wall x1 |
| 18:44 | DSLG | Genghis Khan!!! · wall_segment Stone Wall x1 |
| 19:24 | [CL]LaCumbiaSuave · wall_segment Palisade Wall x3 |
| 19:25 | [CL]LaCumbiaSuave · wall_segment Palisade Wall x3 |
| 19:26 | [CL]LaCumbiaSuave · wall_segment Palisade Wall x1 |
| 19:26 | [CL]LaCumbiaSuave · wall_segment Palisade Wall x1 |
| 19:26 | DSLG | Genghis Khan!!! · first_building Castle |
| 19:27 | [CL]LaCumbiaSuave · wall_segment Palisade Wall x1 |
| 19:27 | [CL]LaCumbiaSuave · wall_segment Palisade Wall x1 |
| 19:28 | [CL]LaCumbiaSuave · wall_segment Palisade Wall x1 |
| 19:58 | [CL]LaCumbiaSuave · first_building Stable |
| 20:11 | [CL]LaCumbiaSuave · wall_segment Stone Wall x1 |
| 20:12 | [CL]LaCumbiaSuave · wall_segment Stone Wall x1 |
| 20:12 | [CL]LaCumbiaSuave · wall_segment Stone Wall x1 |
| 20:34 | [CL]LaCumbiaSuave · wall_segment Stone Wall x1 |
| 22:01 | DSLG | Genghis Khan!!! · first_market_sell 100 food |
| 22:07 | [CL]LaCumbiaSuave · wall_segment Palisade Wall x1 |
| 22:33 | [CL]LaCumbiaSuave · age_up castle |
| 26:29 | [CL]LaCumbiaSuave · wall_segment Stone Wall x1 |
| 26:30 | [CL]LaCumbiaSuave · wall_segment Stone Wall x1 |
| 28:23 | DSLG | Genghis Khan!!! · first_market_buy 100 wood |
| 28:41 | [CL]LaCumbiaSuave · first_building Castle |
| 28:53 | [CL]LaCumbiaSuave · first_building Monastery |
| 32:20 | [CL]LaCumbiaSuave · first_market_buy 100 wood |
| 33:37 | [CL]LaCumbiaSuave · first_building Siege Workshop |
| 33:54 | DSLG | Genghis Khan!!! · wall_segment Palisade Wall x1 |
| 35:18 | [CL]LaCumbiaSuave · wall_segment Stone Wall x1 |
| 35:18 | [CL]LaCumbiaSuave · wall_segment Stone Wall x1 |
| 35:19 | [CL]LaCumbiaSuave · wall_segment Stone Wall x1 |
| 35:19 | [CL]LaCumbiaSuave · wall_segment Stone Wall x1 |
| 35:19 | [CL]LaCumbiaSuave · wall_segment Stone Wall x1 |
| 38:39 | [CL]LaCumbiaSuave · age_up imperial |
| 39:13 | DSLG | Genghis Khan!!! · resign |
[ AI ANALYSIS · 1 CREDIT ]
What really happened in this match?
Wolo.gg analyzes every decision: build order, eco, micro, common mistakes by bracket. Personalized analysis on WhatsApp or Discord in 30 seconds.
Civ guide
Hindustanis
Perfil
[CL]LaCumbiaSuave